 Dungeon Crawl Stone Soup version 0.27-a0-1196-g3e9cee4cb2 (webtiles) character file.

Game seed: 13554708423138575186

14 ZappyNine the Skirmisher (level 2, 0/19 HPs)
             Began as a Kobold Fighter on May 27, 2021.
             Slain by a ball python (1 damage)
             ... on level 1 of the Dungeon.
             The game lasted 00:00:24 (471 turns).

ZappyNine the Skirmisher (Kobold Fighter)            Turns: 471, Time: 00:00:25

Health: 0/19       AC:  6    Str: 13    XL:     2   Next: 55%
Magic:  2/2        EV:  7    Int:  9    God:
Gold:   25         SH:  5    Dex: 14    Spells: 1/1 levels left

rFire    . . .     SeeInvis .   a - +0 rapier
rCold    . . .     Faith    .   c - +0 buckler
rNeg     . . .     Spirit   .   b - +0 scale mail
rPois    .         Reflect  .   (no helmet)
rElec    .         Harm     .   f - scarf {repulsion}
rCorr    .         Rampage  .   (no gloves)
Will     .....                  (no boots)
Stlth    ++........             (no amulet)
HPRegen  0.06/turn              (no ring)
MPRegen  0.08/turn              (no ring)

@: mighty, constricted, repel missiles
A: small, no large weapons, nightstalker 3
a: no special abilities


You were on level 1 of the Dungeon.
You visited 1 branch of the dungeon, and saw 1 of its levels.

You collected 25 gold pieces.

Inventory:

Hand Weapons
 a - a +0 rapier (weapon)
Armour
 b - a +0 scale mail (worn)
 c - a +0 buckler (worn)
 f - a scarf of repulsion (worn)
Scrolls
 e - a scroll of immolation {unknown}
Potions
 g - a potion of heal wounds {unknown}


   Skills:
 - Level 3.2 Fighting
 - Level 2.6 Short Blades
 - Level 2.4 Armour
 + Level 3.0 Stealth
 - Level 2.4 Shields


You had one spell level left.
You didn't know any spells.
Your spell library was empty.

Dungeon Overview and Level Annotations

Branches:
Dungeon (1/15)

Altars:


Innate Abilities, Weirdness & Mutations

You are small and have problems with some larger weapons.
You are completely attuned to the shadows.


Message History

The ball python completely misses you. The ball python grabs you.
The ball python constricts you.
The ball python's grasp on you weakens, but your attempt to escape fails.
The ball python bites you. The ball python constricts you.
The endoplasm freezes you.
You are frozen.
The bat barely misses you.
You completely miss the bat. The bat hits you but does no damage.
The bat closely misses you. You block the ball python's attack.
The ball python constricts you.
The endoplasm hits you but does no damage.
You block the ball python's attack. The ball python constricts you.
You escape the ball python's grasp.
The hobgoblin shouts!
The bat barely misses you.
The endoplasm hits you but does no damage.
The bat hits you. The endoplasm freezes you.
You are frozen.
The ball python barely misses you. The ball python grabs you.
The ball python constricts you.
You hit the bat but do no damage. The bat completely misses you.
You block the bat's attack. The endoplasm freezes you.
You are frozen.
The ball python barely misses you.
* * * LOW HITPOINT WARNING * * *
The ball python constricts you. The bat hits you but does no damage.
Unknown command.
You feel very mighty all of a sudden. You block the bat's attack.
An endoplasm comes into view.
The endoplasm freezes you.
You are frozen.
* * * LOW HITPOINT WARNING * * *
A giant cockroach comes into view.
You block the ball python's attack. The ball python constricts you.
The bat hits you but does no damage.
The endoplasm quivers.
You puncture the bat!
You kill the bat!
You block the ball python's attack.
You die...

#. ##..
##..J.
#gg..B
#SJ...
#@##.. #.#
. #.# ##.#
#..# #.##
#.# #.#
####.#####


You could see 2 endoplasms, a giant cockroach, 2 hobgoblins and a ball python.

Vanquished Creatures
  A dart slug (D:1)
  2 goblins (D:1)
  A hobgoblin (D:1)
  2 jackals (D:1)
  A kobold (D:1)
  A ball python (D:1)
  A bat (D:1)
  A frilled lizard (D:1)
  2 rats (D:1)
12 creatures vanquished.

Notes
Turn   | Place    | Note
-------+----------+-------------------------------------------
     0 | D:1      | ZappyNine the Kobold Fighter began the quest for the Orb.
     0 | D:1      | Reached XP level 1. HP: 14/14 MP: 1/1
   102 | D:1      | Reached skill level 1 in Stealth
   164 | D:1      | Reached XP level 2. HP: 13/19 MP: 2/2
   471 | D:1      | Slain by a ball python

Illustrated notes

Levels and vault maps discovered:
D:1:      mrwooster_arrival_arrow, layout_loops_ring, serial_shops,
          shop_fountains

Skill      XL: |  1  2 |
---------------+-------+-----
Stealth        | 2 3 |  3.0
Fighting       | |  3.2
Short Blades   | |  2.6
Armour         | |  2.4
Shields        | |  2.4

Action                   || total
-------------------------++-------
Melee: Rapier            ||    32
  Use: Potion            ||     1
 Stab: Sleeping          ||     2
Armor: Scale mail        ||    14
Dodge: Dodged            ||    17
Block: Buckler           ||    11

Table legend: (Time is in decaauts)
 A = Elapsed time spent in this place.
 B = Non-inter-level travel time spent in this place.
 C = Inter-level travel time spent in this place.
 D = Time resting spent in this place.
 E = Time spent auto-exploring this place.
 F = Levels seen in this place.
 G = Mean time per level.
                   A        B        C        D        E       F      G
               +--------+--------+--------+--------+--------+-----+--------+
         Total |    475 |    475 |      0 |      0 |    381 |   1 |  475.0 |
       Dungeon |    475 |    475 |      0 |      0 |    381 |   1 |  475.0 |
               +--------+--------+--------+--------+--------+-----+--------+

Top non-repeatable levels by time:
     D:1: 475 daAuts
